 Dungeon Crawl Stone Soup version 0.29.1-2-gbd0b4ee654 (webtiles) character file.

Game seed: 9036314923393157522

266002 zeram the Hoplite (level 19, -6/189 HPs)
             Began as a Minotaur Fighter on Nov 4, 2022.
             Was an Initiate of Gozag.
             Killed from afar by a salamander tyrant (53 damage)
             ... on level 4 of the Snake Pit on Nov 5, 2022.
             The game lasted 02:06:15 (44307 turns).

zeram the Hoplite (Minotaur Fighter)               Turns: 44307, Time: 02:06:23

Health: -6/189     AC: 35    Str: 35    XL:     19   Next: 69%
Magic:  18/18      EV: 21    Int:  6    God:    Gozag
Gold:   7637       SH: 26    Dex: 26    Spells: 18/18 levels left

rFire   x . .      SeeInvis .   u - +8 hand axe of Xaosouno {flame, rPois rF- Dex+2}
rCold   + . .      Faith    .   K - +2 kite shield of Greed {rC+}
rNeg    . . .      Spirit   .   V - +4 plate armour {rPois}
rPois   +          Reflect  +   o - +1 hat of Valour {Str+5}
rElec   +          Harm     .   n - +1 cloak of a treasure trove {rElec Int+5}
rCorr   .          Rampage  +   M - +4 pair of gloves of Nynibbur {Rampage rElec Int-4 Dex+5}
Will    ++...                   k - +2 pair of boots
Stlth   ..........              g - amulet of Plog {Reflect Will+ SH+5}
HPRegen 0.41/turn               Q - +4 ring of evasion
MPRegen 0.16/turn               w - ring of Circularity {Fly rPois Dex+10}

@: about to teleport, weakened, flying
A: horns 2, retaliatory headbutt
}: 1/15 runes: decaying
a: Renounce Religion, Potion Petition, Call Merchant, Bribe Branch


You were on level 4 of the Snake Pit.
You worshipped Gozag.
Gozag was greatly pleased with you.
You visited 7 branches of the dungeon, and saw 34 of its levels.
You also visited: Sewer, Gauntlet and Ice Cave.

You collected 14706 gold pieces.
You spent 5979 gold pieces at shops.
You paid 1090 gold pieces to Gozag.

Inventory:

Hand Weapons
 a - a +6 vampiric war axe
 s - the +8 demon blade "Leech" {vamp, Harm Drain rN+}
   (You took it off a minotaur in a Gauntlet)

   It heals its wielder for a portion of the damage dealt every time it strikes
   a living foe.
   rN:        It protects you from negative energy.
   Drain:     It drains your maximum health when unequipped.
   Harm:      It increases damage dealt and taken.
 u - the +8 hand axe of Xaosouno (weapon) {flame, rPois rF- Dex+2}
   (You took it off a deep elf death mage on level 3 of the Elven Halls)

   It burns those it strikes, dealing additional fire damage.
   Big, fiery blades are also staple armaments of hydra-hunters.
   Dex:       It affects your dexterity (+2).
   rF:        It makes you vulnerable to fire.
   rPois:     It protects you from poison.
Armour
 k - a +2 pair of boots (worn)
 n - the +1 cloak of a treasure trove (worn) {rElec Int+5}
   (You found it in an ice cave)

   Int:       It affects your intelligence (+5).
   rElec:     It insulates you from electricity.
 o - the +1 hat of Valour (worn) {Str+5}
   (You found it in a Gauntlet)

   Str:       It affects your strength (+5).
 K - the +2 kite shield of Greed (worn) {rC+}
   (You found it on level 1 of the Orcish Mines)

   rC:        It protects you from cold.
 M - the +4 pair of gloves of Nynibbur (worn) {Rampage rElec Int-4 Dex+5}
   (You bought it in a shop on level 12 of the Dungeon)

   Int:       It affects your intelligence (-4).
   Dex:       It affects your dexterity (+5).
   rElec:     It insulates you from electricity.
   Rampage:   It bestows one free step when moving towards enemies.
 S - the +2 plate armour of Light {rPois}
   (You bought it in a shop on level 2 of the Snake Pit)

   rPois:     It protects you from poison.
 V - a +4 plate armour of poison resistance (worn)
Jewellery
 b - a ring of poison resistance
 g - the amulet of Plog (around neck) {Reflect Will+ SH+5}
   (You took it off a deep elf death mage on level 3 of the Elven Halls)

   [amulet of reflection]

   It reflects blocked missile attacks.
   SH:        It affects your SH (+5).
   Will:      It increases your willpower.
 m - a +4 ring of slaying
 p - the ring of Faqas {Contam rF+ rN+ rCorr}
   (You took it off a minotaur in a Gauntlet)

   [ring of protection from fire]

   rF:        It protects you from fire.
   rN:        It protects you from negative energy.
   Contam:    It causes magical contamination when unequipped.
   rCorr:     It protects you from acid and corrosion.
 q - the ring of Nadwet {rElec rCorr Str+3 Int-5}
   (You found it in an ice cave)

   [ring of resist corrosion]

   Str:       It affects your strength (+3).
   Int:       It affects your intelligence (-5).
   rElec:     It insulates you from electricity.
   rCorr:     It protects you from acid and corrosion.
 w - the ring of Circularity (right hand) {Fly rPois Dex+10}
   (You bought it in a shop on level 5 of the Lair of Beasts)

   [ring of flight]

   Dex:       It affects your dexterity (+10).
   rPois:     It protects you from poison.
   Fly:       It grants you flight.
 B - a ring of positive energy
 H - a ring of fire
 P - a ring of protection from fire
 Q - a +4 ring of evasion (left hand)
 R - a ring of see invisible
 W - the ring "Ystoeter" {rN+ Dex+3 SInv}
   (You bought it in a shop on level 2 of the Snake Pit)

   [ring of see invisible]

   Dex:       It affects your dexterity (+3).
   rN:        It protects you from negative energy.
   SInv:      It lets you see invisible.
Wands
 l - a wand of iceblast (16)
 t - a wand of flame (58)
 v - a wand of polymorph (10)
 F - a wand of charming (26)
Scrolls
 d - 3 scrolls of fog
 f - 3 scrolls of fear
 h - a scroll of amnesia
 y - 6 scrolls of teleportation
 A - 2 scrolls of silence
 D - a scroll of enchant armour
 E - 2 scrolls of brand weapon
 G - a scroll of poison
 N - 5 scrolls of enchant weapon
 O - 3 scrolls of blinking
 U - 3 scrolls of magic mapping
Potions
 c - 10 potions of curing
 e - 2 potions of magic
 i - 5 potions of haste
 j - 9 potions of ambrosia
 r - 5 potions of cancellation
 x - a potion of berserk rage
 z - a potion of resistance
 C - 2 potions of flight
 I - 6 potions of heal wounds
 J - 5 potions of might
 L - 3 potions of invisibility
 X - a potion of brilliance
Miscellaneous
 T - a piece from Xom's chessboard (15/15)


   Skills:
 + Level 21.3 Fighting
 + Level 2.1 Short Blades
 + Level 22.8(23.0) Axes
 + Level 4.8(15.8) Maces & Flails
 + Level 17.0 Armour
 + Level 9.9 Dodging
 + Level 24.0 Shields
 + Level 2.5 Evocations


You had 18 spell levels left.
You didn't know any spells.
Your spell library contained the following spells:

 Spells                   Type           Power      Damage    Failure   Level
 Apportation              Tloc           0%         N/A       92%         1
 Beastly Appendage        Tmut           0%         N/A       92%         1
 Foxfire                  Conj/Fire      0%         2x1d4     92%         1
 Necrotise                Necr           0%         1d4       92%         1
 Sandblast                Erth           0%         2d4       92%         1
 Slow                     Hex            0%         N/A       92%         1
 Sting                    Tmut/Pois      0%         1d3       92%         1
 Summon Small Mammal      Summ           0%         N/A       92%         1
 Blink                    Tloc           0%         N/A       98%         2
 Ensorcelled Hibernation  Hex/Ice        0%         N/A       98%         2
 Passwall                 Tmut/Erth      0%         N/A       98%         2
 Static Discharge         Conj/Air       0%         3-3/arc   98%         2
 Confusing Touch          Hex            0%         N/A       100%        3
 Conjure Flame            Conj/Fire      0%         6-21      100%        3
 Frozen Ramparts          Ice            0%         1d1       100%        3
 Gell's Gravitas          Tloc           0%         N/A       100%        3
 Ignite Poison            Fire/Tmut/Pois 0%         N/A       100%        3
 Inner Flame              Hex/Fire       0%         N/A       100%        3
 Lesser Beckoning         Tloc           0%         N/A       100%        3
 Mephitic Cloud           Conj/Pois/Air  0%         N/A       100%        3
 Portal Projectile        Hex/Tloc       0%         N/A       100%        3
 Spider Form              Tmut/Pois      0%         N/A       100%        3
 Stone Arrow              Conj/Erth      0%         3d7       100%        3
 Teleport Other           Tloc           0%         N/A       100%        3
 Vampiric Draining        Necr           0%         2d6       100%        3
 Airstrike                Air            0%         2d(0-16)  100%        4
 Anguish                  Hex/Necr       0%         N/A       100%        4
 Animate Armour           Summ/Erth      0%         N/A       100%        4
 Cause Fear               Hex            0%         N/A       100%        4
 Flame Wave               Conj/Fire      0%         2d4       100%        4
 Ice Form                 Ice/Tmut       0%         N/A       100%        4
 Leda's Liquefaction      Hex/Erth       0%         N/A       100%        4
 Olgreb's Toxic Radiance  Pois           0%         N/A       100%        4
 Petrify                  Tmut/Erth      0%         N/A       100%        4
 Summon Ice Beast         Ice/Summ       0%         N/A       100%        4
 Summon Lightning Spire   Summ/Air       0%         N/A       100%        4
 Agony                    Necr           0%         N/A       100%        5
 Alistair's Intoxication  Tmut/Pois      0%         N/A       100%        5
 Blade Hands              Tmut           0%         N/A       100%        5
 Fireball                 Conj/Fire      0%         3d3       100%        5
 Freezing Cloud           Conj/Ice/Air   0%         6-21      100%        5
 Lee's Rapid Deconstruct  Erth           0%         3d5*      100%        5
 Lightning Bolt           Conj/Air       0%         1d11      100%        5
 Manifold Assault         Tloc           0%         N/A       100%        5
 Metabolic Englaciation   Hex/Ice        0%         N/A       100%        5
 Summon Forest            Summ/Tloc      0%         N/A       100%        5
 Summon Mana Viper        Hex/Summ       0%         N/A       100%        5
 Eringya's Noxious Bog    Tmut/Pois      0%         N/A       100%        6
 Iron Shot                Conj/Erth      0%         9d1       100%        6
 Statue Form              Tmut/Erth      0%         N/A       100%        6
 Summon Cactus Giant      Summ           0%         N/A       100%        6
 Enfeeble                 Hex            0%         N/A       100%        7
 Haunt                    Necr/Summ      0%         N/A       100%        7
 Monstrous Menagerie      Summ           0%         N/A       100%        7
 Ozocubu's Refrigeration  Ice            0%         4d7       100%        7
 Storm Form               Tmut/Air       0%         N/A       100%        7
 Summon Hydra             Summ           0%         N/A       100%        7
 Discord                  Hex            0%         N/A       100%        8
 Ignition                 Fire           0%         3d3       100%        8
 Infestation              Necr           0%         N/A       100%        8
 Maxwell's Capacitive Co  Air            0%         ∞         100%        8
 Polar Vortex             Ice            0%         N/A       100%        9
 Animate Dead             Necr           Unusable   N/A       N/A         4
 Simulacrum               Ice/Necr       Unusable   N/A       N/A         6

Dungeon Overview and Level Annotations

Branches:
Dungeon (15/15)            Temple (1/1) D:7            Lair (5/5) D:8
  Swamp (4/4) Lair:2        Snake (4/4) Lair:3        Slime (0/5) Lair:5
    Orc (2/2) D:9             Elf (3/3) Orc:2        Vaults (0/5) D:14
 Depths (0/4) D:15          Sewer (visited)           IceCv (visited)
Gauntlet (visited)

Altars:
Ashenzari
Cheibriados
Dithmenos
Elyvilon
Fedhas
Gozag
Hepliaklqana
Kikubaaqudgha
Makhleb
Nemelex Xobeh
Okawaru
Qazlal
Ru
Sif Muna
Trog
Uskayaw
Vehumet
Wu Jian
Xom
Yredelemnul
Zin
The Shining One

Shops:
D:1 *   D:2 :   D:7 *   D:12 [   D:14 *   Orc:2 [*[?   Elf:3 *   Lair:5 =
Snake:2 **=

Annotations:
D:7 1 runed translucent door
D:12 1 runed translucent door
Snake:4 Aizul


Innate Abilities, Weirdness & Mutations

You have a pair of horns on your head.
You reflexively headbutt those who attack you in melee.


Message History

You resist with some effort. The nagaraja constricts you.
The salamander tyrant gazes fiercely through you!
You feel as though you will be weak longer.
The salamander tyrant hits you but does no damage.
You block the naga's attack.
You feel better.
Your surroundings suddenly seem different.
Something loses its grip on you.
The naga mage is no longer moving quickly.
The nagaraja no longer looks unusually strong.
* * * LOW HITPOINT WARNING * * *
The naga ritualist's toxic aura wanes.
The salamander tyrant no longer looks unusually strong.
The naga ritualist no longer looks unusually strong.
The naga mage casts a spell at you.
The bolt of poison hits the naga warrior.
The bolt of poison misses you. The naga spits poison at you.
The splash of poison reflects off an invisible shield around you!
The splash of poison misses the naga.
The splash of poison hits the naga warrior.
The naga spits poison at you.
The splash of poison reflects off an invisible shield around you!
The splash of poison hits the naga.
The naga warrior spits poison at you.
The splash of poison reflects off an invisible shield around you!
The splash of poison hits the naga warrior but does no damage.
The naga mage casts a spell at you.
The bolt of poison hits the naga warrior!
The naga warrior is poisoned.
The bolt of poison misses you.
The salamander tyrant gazes fiercely through you!
You feel as though you will be weak longer.
As you read the scroll of teleportation, it crumbles to dust.
You feel strangely unstable.
The naga warrior roars a battlecry!
The nagas go into a battle-frenzy!
The salamander tyrant rends the earth beneath you!
The blast of magma engulfs you!!! The lava burns you terribly!
You die...
Your body crumbles into a pile of gold.

## ..## ...# ......#
#.##...##
##...##...##
#@..N.##N..#######
#.....NN##...##....
#.....N.NS.NN..##...
#.....NNNSN.$$..##..
##...NNNNN##$....##.
##..N.NN##$$##...##
##..N.##....##..$#
#..##......##.$. ..
#.......[##.$


You could see Aizul, 2 nagarajas, 2 naga warriors, 4 salamander tyrants, a
salamander mystic (strong), 2 naga ritualists, a black mamba, 3 naga magi and 4
nagas.

Vanquished Creatures
  Bai Suzhen (Elf:3)
  Saint Roka (Snake:2)
  Vashnia (Snake:2)
  A deep elf blademaster (Elf:3)
  2 deep elf master archers (Elf:3)
  Kirke (Lair:4)
  A thorn hunter (Swamp:4)
  A nagaraja (Snake:4)
  Agnes (D:15)
  Roxanne (D:15)
  3 deep elf sorcerers
  2 orc warlords (Orc:2)
  Louise (D:15)
  A balrug (Gauntlet)
  2 deep elf elementalists (Elf:3)
  5 eleionomae
  6 deep elf demonologists
  8 deep elf annihilators
  7 bunyips
  Nessos (Lair:4)
  A minotaur (Gauntlet)
  A white draconian (IceCv)
  5 deep elf death magi
  An ettin (Orc:2)
  4 deep elf high priests
  Snorg (Orc:1)
  A great orb of eyes (Orc:1)
  Josephine (D:11)
  A shambling mangrove (Swamp:1)
  Fannar (D:11)
  3 vault guards (D:14)
  A salamander tyrant (Snake:3)
  5 boulder beetles
  A ghost crab (Swamp:2)
  23 hydras
  A rakshasa (D:15)
  9 alligators
  9 naga warriors
  3 centaur warriors
  3 two-headed ogres
  12 anacondas
  3 tengu warriors
  28 dancing weapons
  6 death yaks (Lair:5)
  An orc high priest (Orc:2)
  12 naga sharpshooters
  2 hell knights (D:12)
  Urug (D:10)
  9 shock serpents
  17 deep elf knights
  3 salamander mystics
  A glowing orange brain (D:15)
  2 sea snakes (Snake:2)
  6 spriggan druids
  A death drake (Swamp:2)
  An orange crystal statue (Elf:3)
  A goliath frog (Swamp:2)
  6 naga ritualists
  6 bog bodies
  13 swamp dragons
  15 deep elf archers
  6 orc knights
  27 deep elf zephyrmancers
  Pikel (D:8)
  36 deep elf pyromancers
  15 mana vipers
  A necromancer (D:12)
  2 manticores (D:15)
  The ghost of hawla the Arsonist, a novice MeFE (D:5)
  4 will-o-the-wisps
  11 ugly things
  15 salamanders
  8 orc sorcerers
  A worldbinder (Gauntlet)
  10 cyclopes
  Joseph (D:7)
  39 black mambas
  10 elephants
  2 ice statues (IceCv)
  Maurice (D:8)
  23 naga magi
  3 guardian serpents
  2 rust devils
  9 cane toads
  Maggie (D:8)
  5 rime drakes
  3 gargoyles
  2 unseen horrors
  An efreet (D:15)
  10 komodo dragons
  2 minotaur zombies (Gauntlet)
  A hellwing (D:10)
  4 tengu conjurers
  2 ice devils (D:10)
  A queen bee (D:13)
  The ghost of xian the Chopper, an amateur HOBe of Trog (D:5)
  3 meliai (D:13)
  6 trolls
  2 bloated husks
  13 slime creatures
  A troll (shapeshifter) (Elf:1)
  3 wind drakes (shapeshifter)
  7 saltlings
  A tarantella (shapeshifter) (D:14)
  13 tyrant leeches
  12 hornets
  7 polar bears
  A wolf spider simulacrum (D:14)
  Prince Ribbit (D:8)
  6 dream sheep
  A centaur simulacrum (D:14)
  2 shadows
  2 water elementals (Elf:1)
  3 air elementals (Elf:1)
  19 spriggans
  40 yaks
  A vampire (D:14)
  6 wyverns
  A wyvern (shapeshifter) (D:15)
  11 wraiths
  3 basilisks
  9 humans (D:14)
  A fire elemental (Elf:1)
  3 hogs (Lair:4)
  16 vampire mosquitoes
  A warg (Snake:3)
  41 nagas
  17 swamp worms
  15 water moccasins
  6 hell hounds (D:12)
  4 black bears
  26 orc warriors
  6 swamp drakes
  A sky beast (D:5)
  An ice beast (D:7)
  6 ogres
  25 wolves
  5 boggarts
  9 centaurs
  A phantom (D:5)
  4 kobold brigands
  2 necrophages
  8 bullfrogs
  5 earth elementals
  A gnoll sergeant (D:12)
  A scorpion (D:5)
  30 killer bees
  10 wights
  3 lindwurm simulacra (IceCv)
  An electric eel (Snake:2)
  2 howler monkeys
  A quasit (D:10)
  6 komodo dragon simulacra (IceCv)
  3 hounds
  11 orc priests
  Ijyb (D:3)
  2 iguanas (D:5)
  22 orc wizards
  6 hell rats (Lair:2)
  6 gnolls
  5 acid dragon simulacra (IceCv)
  8 adders
  5 river rats
  5 white imps
  2 ufetubi
  7 steam dragon simulacra (IceCv)
  5 dart slugs
  64 orcs
  7 ball pythons
  6 endoplasms
  6 giant cockroaches
  7 goblins
  7 hobgoblins
  2 jackals (Sewer)
  7 quokkas
  6 bats
  6 frilled lizards
  A goblin skeleton (D:7)
  30 kobolds
  A kobold skeleton (D:7)
  17 rats
1216 creatures vanquished.

Vanquished Creatures (others)
  A deep elf blademaster (Elf:3)
  A dancing weapon (Elf:2)
  A naga sharpshooter (Snake:2)
  4 deep elf knights (Elf:2)
  A sea snake (Snake:2)
  A deep elf archer (Elf:1)
  A deep elf pyromancer (Elf:1)
  4 bloated husks
  3 orc wizards
  2 orcs (Orc:1)
  5 demonic plants (D:10)
  16 foxfires
  43 fungi
  4 pillars of salt (Orc:2)
  66 plants
  6 withered plants (D:5)
159 creatures vanquished.

Grand Total: 1375 creatures vanquished

Notes
Turn   | Place    | Note
-------+----------+-------------------------------------------
     0 | D:1      | zeram the Minotaur Fighter began the quest for the Orb.
     0 | D:1      | Reached XP level 1. HP: 19/19 MP: 0/0
    93 | D:1      | Found Cuwn's Assorted Antiques.
   267 | D:1      | Reached XP level 2. HP: 27/27 MP: 1/1
   849 | D:1      | Reached XP level 3. HP: 34/34 MP: 2/2
  1253 | D:2      | Found Walapoawug's Book Boutique.
  1507 | D:2      | Reached skill level 4 in Shields
  1697 | D:3      | Reached XP level 4. HP: 41/41 MP: 3/3
  2073 | D:3      | Found a glowing drain.
  2093 | Sewer    | Entered a sewer
  2210 | Sewer    | Noticed a water moccasin
  2215 | Sewer    | Killed a water moccasin
  2216 | Sewer    | Reached skill level 5 in Fighting
  2216 | Sewer    | Reached XP level 5. HP: 44/48 MP: 4/4
  2281 | Sewer    | Identified a scroll of acquirement
  2281 | Sewer    | Acquired a manual of Axes
  2390 | D:3      | Found a faded altar of an unknown god.
  2432 | D:3      | Noticed Ijyb
  2438 | D:3      | Killed Ijyb
  2439 | D:3      | Reached skill level 5 in Axes
  2516 | D:3      | Reached XP level 6. HP: 35/56 MP: 5/5
  2519 | D:3      | Reached skill level 5 in Armour
  2830 | D:4      | Reached skill level 1 in Dodging
  2920 | D:4      | Found a radiant altar of Vehumet.
  3175 | D:4      | Found a shimmering altar of Xom.
  3375 | D:4      | Noticed a water moccasin
  3381 | D:4      | Killed a water moccasin
  3382 | D:4      | Reached XP level 7. HP: 33/61 MP: 6/6
  3730 | D:5      | Entered Level 5 of the Dungeon
  4013 | D:5      | Found a runed translucent gate.
  4013 | D:5      | Found a runed translucent gate.
  4013 | D:5      | Found a runed translucent gate.
  4013 | D:5      | Noticed hawla's ghost (novice MeFE)
  4014 | D:5      | Noticed xian's ghost (amateur HOBe)
  4345 | D:5      | Reached skill level 10 in Axes
  4591 | D:5      | Reached XP level 8. HP: 65/70 MP: 7/7
  5030 | D:5      | Killed hawla's ghost
  5033 | D:5      | Killed xian's ghost
  5034 | D:5      | Reached skill level 5 in Shields
  5614 | D:6      | Identified the +2 ring mail of the Leaf {rC++ Dex+6}
  6621 | D:7      | Reached XP level 9. HP: 70/78 MP: 8/8
  6626 | D:7      | Found Kuyske's Assorted Antiques.
  6629 | D:7      | Identified the +1 scale mail of the Saviour {Dex+3}
  6959 | D:7      | Found a runed translucent door.
  6964 | D:7      | Found a basalt altar of Yredelemnul.
  7375 | D:7      | Found a staircase to the Ecumenical Temple.
  7387 | Temple   | Entered the Ecumenical Temple
  7638 | Temple   | Became a worshipper of Gozag Ym Sagoz the Greedy
  7673 | D:7      | Noticed Joseph
  7681 | D:7      | Found a hide-covered altar of Uskayaw.
  7691 | D:7      | Killed Joseph
  8047 | D:8      | Noticed Pikel
  8052 | D:8      | Paralysed by a hornet for 1 turns
  8072 | D:8      | Killed Pikel
  8220 | D:8      | Noticed Prince Ribbit
  8224 | D:8      | Killed Prince Ribbit
  8225 | D:8      | Reached skill level 15 in Axes
  8227 | D:8      | Noticed Maggie
  8229 | D:8      | Reached skill level 6 in Shields
  8233 | D:8      | Reached XP level 10. HP: 88/88 MP: 9/9
  8247 | D:8      | Killed Maggie
  8537 | D:8      | Found a staircase to the Lair.
  8629 | D:8      | Noticed Maurice
  8683 | D:9      | Noticed a boulder beetle
  8864 | D:9      | Reached skill level 10 in Armour
  9018 | D:9      | Noticed a deep elf pyromancer
  9022 | D:9      | Noticed a tengu warrior
  9406 | Lair:1   | Entered Level 1 of the Lair of Beasts
  9532 | Lair:1   | Noticed a cane toad
  9538 | Lair:1   | Killed a cane toad
  9815 | Lair:1   | Noticed a five-headed hydra
  9819 | Lair:1   | Noticed a cane toad
  9829 | Lair:1   | Killed a six-headed hydra
  9830 | Lair:1   | Reached XP level 11. HP: 67/99 MP: 10/10
  9839 | Lair:1   | Reached skill level 10 in Fighting
  9839 | Lair:1   | Reached skill level 5 in Dodging
  9839 | Lair:1   | Reached skill level 7 in Shields
 10172 | Lair:1   | Reached skill level 1 in Maces & Flails
 11105 | Lair:2   | Found a staircase to the Swamp.
 11237 | Swamp:1  | Entered Level 1 of the Swamp
 11237 | Swamp:1  | Noticed a spriggan rider
 11237 | Swamp:1  | Noticed a bog body
 11242 | Lair:2   | Killed a bog body
 11330 | Lair:2   | Reached skill level 8 in Shields
 11629 | Lair:2   | You fall into a shaft and drop 1 floor!
 11659 | Lair:3   | Found a staircase to the Snake Pit.
 11761 | Lair:3   | Found an ornate altar of the Wu Jian Council.
 11917 | Lair:3   | Reached XP level 12. HP: 110/110 MP: 9/11
 12197 | Lair:3   | Found a dark tunnel.
 12804 | Lair:4   | Noticed Kirke
 12807 | Lair:4   | Reached skill level 9 in Shields
 12816 | Lair:4   | Killed Kirke
 12869 | Lair:4   | Noticed an eight-headed hydra
 13058 | Lair:4   | Killed a nine-headed hydra
 13360 | Lair:4   | Noticed Nessos
 13394 | Lair:4   | Killed Nessos
 13974 | Lair:4   | Reached skill level 1 in Evocations
 14009 | Lair:5   | Entered Level 5 of the Lair of Beasts
 14027 | Lair:5   | Reached skill level 10 in Shields
 14265 | Lair:5   | Noticed a death yak
 14266 | Lair:5   | Noticed a death yak
 14268 | Lair:5   | Noticed a death yak
 14283 | Lair:5   | Killed a death yak
 14873 | Lair:5   | Reached XP level 13. HP: 116/122 MP: 12/12
 15047 | Lair:5   | Reached skill level 11 in Shields
 16460 | Lair:5   | Found a staircase to the Slime Pits.
 16988 | Lair:5   | Bought the ring of Circularity {Fly rPois Dex+10} for 745
                  | gold pieces
 17103 | Snake:1  | Entered Level 1 of the Snake Pit
 17649 | D:8      | Killed Maurice
 17739 | D:8      | Reached skill level 12 in Shields
 18235 | D:9      | Reached XP level 14. HP: 90/133 MP: 8/13
 18388 | D:9      | Identified the +0 ring mail of Vexation {Slay+4 SInv}
 18558 | D:9      | Found a staircase to the Orcish Mines.
 18655 | Orc:1    | Entered Level 1 of the Orcish Mines
 19081 | Orc:1    | Noticed Snorg
 19094 | Orc:1    | Killed Snorg
 19095 | Orc:1    | Reached skill level 15 in Fighting
 19231 | Orc:2    | Entered Level 2 of the Orcish Mines
 19340 | Orc:2    | Identified the +2 kite shield of Greed {rC+}
 19340 | Orc:2    | Noticed Donald
 19752 | Orc:2    | Noticed an orc warlord
 19781 | Orc:1    | Noticed Donald
 19781 | Orc:1    | Donald changed into Donald the great orb of eyes
 20163 | Orc:2    | Killed an orc warlord
 20512 | Orc:2    | Reached skill level 13 in Shields
 20702 | Orc:2    | Found Pewk's Armour Boutique.
 20729 | Orc:2    | Found Soabril's General Store.
 20790 | Orc:2    | Bought a scroll of enchant weapon for 97 gold pieces
 20794 | Orc:2    | Bought the +18 shield of the Gong {rElec rN+ Will+ EV-5}
                  | for 1556 gold pieces
 20794 | Orc:2    | Found the +18 shield of the Gong {rElec rN+ Will+ EV-5}
 20819 | Orc:2    | Noticed an orc warlord
 20850 | Orc:2    | Killed an orc warlord
 20969 | Orc:2    | Found Kaodez's Magic Scroll Emporium.
 20975 | Orc:2    | Bought a scroll of blinking for 97 gold pieces
 20975 | Orc:2    | Bought a scroll of enchant armour for 97 gold pieces
 20975 | Orc:2    | Bought a scroll of teleportation for 39 gold pieces
 20975 | Orc:2    | Bought a scroll of magic mapping for 97 gold pieces
 21026 | Orc:2    | Found a staircase to the Elven Halls.
 21274 | Orc:2    | Found Ufebbeso's Armour Shop.
 21281 | Orc:2    | Bought a +1 plate armour of poison resistance for 544 gold
                  | pieces
 21356 | Elf:1    | Entered Level 1 of the Elven Halls
 21820 | Elf:1    | Reached skill level 14 in Shields
 21834 | Elf:1    | Noticed a Brimstone Fiend
 21871 | Elf:1    | Noticed an Executioner
 21905 | Elf:1    | Reached XP level 15. HP: 89/144 MP: 8/14
 21910 | Elf:1    | Identified the +0 robe of Kikubaaqudgha's Hatred {Harm rN+
                  | Int-3 Dex+3}
 21923 | Elf:1    | Paralysed by an air elemental for 1 turns
 21966 | Elf:1    | Paralysed by an air elemental for 1 turns
 22298 | Elf:1    | Paralysed by an air elemental for 1 turns
 22387 | Elf:1    | Reached skill level 15 in Shields
 23151 | Elf:2    | Noticed a deep elf sorcerer
 23175 | Elf:1    | Killed a deep elf sorcerer
 23775 | Elf:2    | Found a runed translucent gate.
 23776 | Elf:2    | Found a runed translucent gate.
 23777 | Elf:2    | Found a runed translucent gate.
 23779 | Elf:2    | Found the +7 captain's cutlass {speed, disarm}
 24182 | Elf:2    | Reached skill level 16 in Shields
 25201 | Elf:3    | Entered Level 3 of the Elven Halls
 25216 | Elf:2    | Reached XP level 16. HP: 149/155 MP: 15/15
 25525 | Elf:3    | Found Polaokap's Assorted Antiques.
 25559 | Elf:2    | Reached skill level 17 in Shields
 26095 | Elf:2    | Reached skill level 1 in Short Blades
 26435 | Elf:3    | Bought a potion of curing for 114 gold pieces
 26435 | Elf:3    | Bought a potion of invisibility for 304 gold pieces
 26435 | Elf:3    | Bought a puce potion for 34 gold pieces
 26435 | Elf:3    | Bought a scroll of fear for 152 gold pieces
 26900 | Elf:3    | Reached skill level 18 in Shields
 26914 | Elf:3    | Noticed an Executioner
 26971 | Elf:3    | Identified the +2 robe "Diemim Etic" {+Blink Dex-3 SInv}
 26971 | Elf:3    | Noticed a deep elf blademaster
 26972 | Elf:3    | Identified the +0 scale mail of the First Brambles {Will+
                  | rCorr}
 26972 | Elf:3    | Noticed a deep elf master archer
 26990 | Elf:3    | Killed a deep elf blademaster
 26997 | Elf:3    | Noticed a deep elf blademaster
 27443 | Elf:3    | Identified the +8 hand axe of Xaosouno {flame, rPois rF-
                  | Dex+2}
 27443 | Elf:3    | Identified the amulet of Plog {Reflect Will+ SH+5}
 27456 | Elf:3    | Killed a deep elf blademaster
 27479 | Elf:3    | Killed a deep elf master archer
 27677 | Elf:3    | Noticed Bai Suzhen
 27856 | Elf:3    | Killed Bai Suzhen
 28006 | Elf:3    | Noticed a deep elf master archer
 28019 | Elf:3    | Killed a deep elf master archer
 28020 | Elf:3    | Reached skill level 19 in Shields
 28373 | Elf:3    | Got the Handbook of Scorching Pestilence
 28384 | Elf:3    | Identified the +3 arbalest of the Vulture {elec, Will+
                  | Int+4}
 28439 | Elf:3    | Got Fomusam's Commentary on Grit and Direction
 28466 | Elf:3    | Got Quem Buh's Compendium of Ice and the Grave
 28852 | Orc:1    | Killed Donald the great orb of eyes
 28903 | D:10     | Entered Level 10 of the Dungeon
 29007 | D:10     | Found a stormy altar of Qazlal.
 29013 | D:10     | Found a glowing silver altar of Zin.
 29018 | D:10     | Found a burning altar of Makhleb.
 29123 | D:10     | Noticed Urug
 29144 | D:10     | Killed Urug
 29245 | D:10     | Reached skill level 15 in Armour
 29686 | D:11     | Found a frozen archway.
 29691 | IceCv    | Entered an ice cave
 29749 | IceCv    | Reached XP level 17. HP: 135/166 MP: 16/16
 29991 | IceCv    | Identified the ring of Nadwet {rElec rCorr Str+3 Int-5}
 30114 | IceCv    | Identified the +1 cloak of a treasure trove {rElec Int+5}
 30408 | D:11     | Noticed Josephine
 30419 | D:11     | Killed Josephine
 30556 | D:11     | Noticed Fannar
 30570 | D:11     | Killed Fannar
 31617 | D:12     | Bought the +4 pair of gloves of Nynibbur {Rampage rElec
                  | Int-4 Dex+5} for 527 gold pieces
 32410 | D:12     | Found a runed translucent door.
 32969 | D:13     | Found a blossoming altar of Fedhas.
 33000 | D:13     | Identified the +6 quarterstaff "Gipraakh" {freeze, Fragile
                  | Int+3 Dex+3}
 33738 | D:14     | Reached skill level 20 in Shields
 33959 | D:14     | Identified the +4 kite shield "Cutoid" {Drain rF+ Int+5}
 33990 | D:14     | Found a gate to the Vaults.
 34239 | D:14     | Found Buwived's Blood Bar.
 34546 | D:15     | Entered Level 15 of the Dungeon
 34546 | D:15     | Found a gate leading to a gauntlet.
 34550 | Gauntlet | Entered a Gauntlet
 34550 | Gauntlet | Found a transporter.
 34557 | Gauntlet | Found a transporter.
 34571 | Gauntlet | Found the +8 storm bow {elec, penet}
 34576 | Gauntlet | Found a transporter.
 34577 | Gauntlet | Found a transporter.
 34590 | Gauntlet | Found a transporter.
 34607 | Gauntlet | Found a transporter.
 34617 | Gauntlet | Found a transporter.
 34622 | Gauntlet | Found a transporter.
 34622 | Gauntlet | Found a transporter.
 34631 | Gauntlet | Found a runed translucent gate.
 34632 | Gauntlet | Found a transporter.
 34632 | Gauntlet | Found a runed translucent gate.
 34667 | Gauntlet | Found a transporter.
 34672 | Gauntlet | Found a transporter.
 34705 | Gauntlet | Found a runed translucent gate.
 34707 | Gauntlet | Found a transporter.
 34709 | Gauntlet | Found a transporter.
 34967 | Gauntlet | Identified the +1 hat of Valour {Str+5}
 34985 | Gauntlet | Identified the ring of Faqas {Contam rF+ rN+ rCorr}
 35021 | Gauntlet | Identified the +12 rapier "Wukhlit" {vorpal, Str+7 Dex-3
                  | SInv}
 35115 | D:15     | Identified Roxanne's Cyclopedia of Sculpting
 35115 | D:15     | Noticed Roxanne
 35375 | D:15     | Found a staircase to the Depths.
 35688 | D:15     | Noticed Agnes
 35711 | D:15     | Killed Agnes
 36060 | D:15     | Noticed Louise
 36081 | D:15     | Killed Louise
 36300 | D:15     | Killed Roxanne
 37529 | Swamp:2  | Reached XP level 18. HP: 123/177 MP: 17/17
 37711 | Swamp:2  | Reached skill level 21 in Shields
 39472 | Swamp:4  | Entered Level 4 of the Swamp
 39676 | Swamp:4  | Reached skill level 22 in Shields
 40081 | Swamp:4  | Got a decaying rune of Zot
 41743 | Snake:2  | Noticed Vashnia
 41774 | Snake:2  | Killed Vashnia
 41828 | Snake:2  | Reached XP level 19. HP: 174/187 MP: 18/18
 42013 | Snake:2  | Reached skill level 23 in Shields
 42359 | Snake:2  | Found Foahoc's Assorted Antiques.
 42363 | Snake:2  | Found Tualuin's Assorted Antiques.
 42365 | Snake:2  | Found Anar's Jewellery Shoppe.
 42368 | Snake:2  | Bought a knobbly cabochon ring for 160 gold pieces
 42368 | Snake:2  | Bought a dazzling plate armour for 896 gold pieces
 42368 | Snake:2  | Identified the +2 plate armour of Light {rPois} (You bought
                  | it in a shop on level 2 of the Snake Pit)
 42372 | Snake:2  | Bought the ring "Ystoeter" {rN+ Dex+3 SInv} for 520 gold
                  | pieces
 42481 | Snake:3  | Noticed Saint Roka
 42789 | Snake:2  | Killed Saint Roka
 43782 | Snake:4  | Entered Level 4 of the Snake Pit
 44273 | Snake:4  | Noticed Aizul
 44281 | Snake:4  | Reached skill level 24 in Shields
 44307 | Snake:4  | Killed from afar by a salamander tyrant

Illustrated notes

Levels and vault maps discovered:
D:1:      minmay_arrival_up_and_down, layout_loops_corners, serial_shops, shop,
          st_stairs_6, minmay_domino_4
D:2:      layout_loops_cross, serial_shops, shop
D:3:      layout_rooms, portal_sewer_entry_c,
          shapermc_ecumenical_altar_acropolis, serial_park_tiny_2,
          cheibrodos_gnoll_hut, uniq_ijyb
D:4:      layout_gridville, mainiacjoe_overflow_concentric_impassable,
          mainiacjoe_overflow_paths
D:5:      layout_cave_pods, gammafunk_ghost_cemetery, st_stairs_2
D:6:      layout_layer_cave
D:7:      layout_loops_cross, dk_yredelemnul_ordeal, nicolae_uskayaw_dance_hall,
          minmay_temple_entry_proselytizer, serial_shops, nicolae_stop_n_shop_1,
          uniq_joseph
D:8:      layout_basic, lair_entry_dummy, minmay_microvault, uniq_maggie,
          uniq_pikel, uniq_prince_ribbit1, uniq_maurice
D:9:      minmay_cut_squares, layout_rooms, minmay_orc_entry_temple_small
D:10:     layout_irregular_city, minmay_overflow_temple_star_quad,
          serial_demonic, serial_demonic_a, serial_demonic_f, serial_demonic_g,
          serial_demonic_e, uniq_urug
D:11:     layout_layer_cave, portal_ice_cave_entry_pillars_1, uniq_josephine,
          uniq_fannar
D:12:     mludivico_vault, layout_basic, hangedman_decor_diamond_cutter,
          minmay_misc_feat_more_columns
D:13:     layout_roguey [special_room_bee], fedhas_ov_isle_minmay
D:14:     layout_small_grid, ximxim_vaults_locker_room,
          minmay_stone_trees_small, serial_ice, serial_ice_c, serial_ice_a,
          serial_ice_o, serial_ice_n, serial_ice_m, serial_ice_f,
          guppyfry_shop_blood
D:15:     gammafunk_enter_depths_forms, layout_rooms, gauntlet_entry_generic,
          grunt_decor_mini_mirrors, uniq_louise, uniq_roxanne, uniq_agnes
Temple:   regret_index_temple_generic_petals
Lair:1:   layout_loops_ring, grunt_megastairs_5
Lair:2:   layout_gridlike, minmay_swamp_entry_worms, kennysheep_abandoned_house
Lair:3:   layout_roguey, guppyfry_snake_entry_island, enter_volcano_1,
          basic_altar, lemuel_fruit_fields, grunt_megastairs_2
Lair:4:   layout_long_grid, serial_bayou_shore_b, uniq_nessos, uniq_kirke
Lair:5:   minmay_lair_end_enchanted_forest, layout_regular_city,
          dpeg_slime_entry_enclosed, wad_woods_road_02
Swamp:1:  layout_basic_swamp, evilmike_swamp_ruin_house_4
Swamp:2:  layout_basic_swamp, nicolae_swamp_tree_designs
Swamp:3:  layout_basic_swamp, evilmike_swamp_ruin_house_6, hangedman_swamp_grove
Swamp:4:  swamp_alternative, layout_basic_swamp
Snake:1:  layout_cave_shapes, special_room, nicolae_snake_mages_go_home,
          grunt_megastairs_3
Snake:2:  layout_onion_interference, serial_bayou_shore_a, minmay_shop_star,
          uniq_vashnia
Snake:3:  layout_misc_corridors, corexii_hall_statues_t,
          nicolae_snake_round_shape_thing, serial_bayou_shore_b, uniq_saint_roka
Snake:4:  johnstein_snake_rune_scales, layout_rooms, uniq_aizul
Orc:1:    layout_caves, library_closet, uniq_snorg
Orc:2:    hellmonk_orc_salted, layout_caves, statue_in_the_mist_lemuel,
          uniq_donald
Elf:1:    minmay_elf_arrival_summoners, layout_gridlike, minivault_28
Elf:2:    elven_hall_of_blades_hangedman_original [mumra_blade_entry_bloodbath],
          layout_onion_city
Elf:3:    elf_hall_gauntlet_wide, layout_rooms, serial_shops, shop,
          minivault_16, st_stairs_7, uniq_bai_suzhen

Skill      XL: |  1  2  3  4  5  6  7  8  9 10 11 12 13 14 15 16 17 18 19 |
---------------+----------------------------------------------------------+-----
Fighting       | 4 5 6 8 9 11 13 14 16 17 18 19 20 21 | 21.3
Armour         | 4 5 6 8 9 10 11 12 13 14 15 16 17 | 17.0
Axes           | 3 4 5 7 10 12 15 16 17 18 19 20 21 22 | 22.8
Shields        | 4 5 6 8 10 12 14 16 19 20 22 24 | 24.0
Dodging        | 1 2 3 4 6 8 9 |  9.9
Maces & Flails | 3 4 |  4.8
Evocations     | 1 2 |  2.5
Short Blades   | 2 |  2.1

Action                   |  1- 3 |  4- 6 |  7- 9 | 10-12 | 13-15 | 16-18 | 19-21 || total
-------------------------+-------+-------+-------+-------+-------+-------+-------++-------
Melee: War axe           |    95 |   104 |   168 |   473 |  1032 |   216 |       ||  2088
       Headbutt          |    12 |    17 |    26 |   121 |   242 |   495 |   155 ||  1068
       Whip              |       |       |       |    54 |       |       |       ||    54
       Unarmed           |       |       |       |     3 |       |       |       ||     3
       Mace              |       |       |       |       |    44 |       |       ||    44
       Hand axe          |       |       |       |       |       |  1446 |   477 ||  1923
       Cutlass           |       |       |       |       |       |    31 |       ||    31
Invok: Call Merchant     |       |       |       |       |     1 |     1 |       ||     2
Evoke: Wand              |       |       |       |     8 |    12 |     3 |       ||    23
  Use: Scroll            |     8 |     3 |    12 |    10 |    20 |     9 |     3 ||    65
       Potion            |       |       |     3 |     6 |     2 |     8 |     1 ||    20
 Stab: Distracted        |       |       |       |       |     9 |    28 |     8 ||    45
       Invisible         |       |       |       |       |       |     7 |       ||     7
Armor: Scale mail        |    42 |    69 |    42 |       |       |       |       ||   153
       Swamp dragon scal |       |       |       |   193 |   152 |       |       ||   345
       Plate armour      |       |       |       |       |   116 |   281 |    77 ||   474
Dodge: Dodged            |    41 |    51 |    65 |   241 |   273 |   356 |   105 ||  1132
       Repelled          |       |       |     5 |       |    13 |     7 |       ||    25
Block: Buckler           |    22 |    27 |    30 |    10 |       |       |       ||    89
       Kite shield       |       |       |       |   232 |   841 |  1341 |   381 ||  2795
       Reflection        |       |       |       |       |       |    89 |    52 ||   141
